Map: Heavy Artillery LE

Players

Massa - Winner!

  • Race: Terran Terran
  • League: Platinum
  • Spawn Location: 3:00

qqq - Winner!

  • Race: Protoss Protoss
  • League: Platinum
  • Spawn Location: 1:00

Maanu

  • Race: Protoss Protoss
  • League: Diamond
  • Spawn Location: 7:00

Insideme

  • Race: Zerg Zerg
  • League: Diamond
  • Spawn Location: 7:00

VOD

Have the link to the VOD?

Description

Time

  • Played on: Nov. 19, 2020, 4:12 p.m.
  • Length: 20:37
Show
View Real Time Build Order
Export as new Build Order

Massa Terran - Winner!

Build Orders:  

Get SALT Encoding   

  12  0:00  SCV  
  13  0:12  SCV  
  14  0:24  SCV  
  15  0:35  Refinery, Supply Depot  
  15  0:56  SCV  
  16  0:57  Barracks  
  16  1:08  SCV  
  17  1:26  Command Center  
  17  1:36  SCV  
  18  1:48  Barracks Reactor  
  18  1:51  Orbital Command, Supply Depot  
  18  2:13  Factory  
  18  2:18  Supply Depot  
  18  2:28  SCV  
  19  2:38  Marine x2  
  19  2:40  SCV  
  22  2:44  Supply Depot  
  22  2:47  Bunker  
  22  2:49  SCV  
  23  2:56  Marine x2  
  27  2:58  Hellion  
  27  3:03  SCV  
  27  3:04  SCV  
  29  3:19  SCV  
  31  3:20  Orbital Command  
  31  3:23  Factory Reactor  
  30  3:28  Marine x2  
  32  3:40  Starport  
  32  3:43  Starport  
  32  3:46  Marine x2  
  34  3:51  SCV x2  
  36  4:01  Refinery  
  36  4:03  Widow Mine, SCV  
  36  4:04  Marine x2  
  36  4:06  Widow Mine  
  43  4:18  Starport Tech Lab  
  43  4:19  Starport Tech Lab  
  43  4:21  SCV x2  
  43  4:23  Marine x2  
  47  4:25  Widow Mine  
  49  4:31  Refinery  
  49  4:33  SCV x2  
  51  4:38  Barracks  
  51  4:51  Refinery, Banshee  
  54  4:58  Barracks  
  54  5:00  SCV x2  
  54  5:06  Banshee  
  59  5:11  Hellion  
  59  5:12  SCV  
  62  5:16  Supply Depot  
  62  5:18  Supply Depot  
  62  5:33  Barracks Tech Lab  
  62  5:37  Banshee, Cloaking Field, SCV x2  
  62  5:38  Hellion  
  69  5:49  Banshee  
  72  5:50  SCV x2  
  74  5:58  Barracks Reactor  
  74  6:01  Marauder, Marine  
  74  6:03  Marine  
  78  6:21  Marine x2  
  78  6:22  Widow Mine  
  78  6:26  Marauder  
  78  6:56  Supply Depot  
  78  6:57  Supply Depot  
  78  6:58  Supply Depot  
  78  6:59  Engineering Bay  
  78  7:01  Command Center  
  78  7:05  Stimpack  
  78  7:17  Banshee x2, Marine x2  
  78  7:19  Widow Mine x2  
  78  7:20  Supply Depot  
  78  7:22  Supply Depot  
  90  7:24  Supply Depot  
  90  7:35  Marine x2  
  92  7:40  Widow Mine  
  94  7:58  Marauder, Marine x3  
  96  7:59  Marine  
  96  8:00  Medivac x2  
  96  8:01  Widow Mine  
  96  8:02  Widow Mine  
  108  8:16  Marine x3  
  108  8:19  Marauder  
  113  8:25  Marine  
  114  8:30  Widow Mine x2, Medivac  
  120  8:34  SCV x2, Marine x3  
  120  8:41  Marauder  
  127  8:42  Missile Turret  
  127  8:43  Marine  
  127  8:45  Missile Turret  
  127  8:46  SCV x2  
  130  8:58  SCV  
  130  8:59  SCV  
  130  9:02  Marauder  
  131  9:22  Marine  
  131  9:23  Marine x3  
  131  9:24  Marauder  
  137  9:27  Widow Mine x2  
  138  9:39  Viking  
  138  9:40  Marine  
  141  9:55  Supply Depot  
  141  9:56  Supply Depot x2  
  141  9:57  Supply Depot x2  
  141  10:01  Orbital Command  
  141  10:11  Sensor Tower  
  141  10:16  Marine x2, Viking  
  141  10:17  Widow Mine, SCV x2  
  141  10:18  Widow Mine, Marauder, Marine x2, Supply Depot  
  141  10:19  Supply Depot  
  141  10:20  Combat Shield  
  141  10:21  Supply Depot x2  
  155  10:24  Supply Depot  
  155  10:29  SCV x2  
  157  10:38  Widow Mine  
  157  10:40  Marauder  
  157  10:41  SCV x2  
  163  10:44  Supply Depot x2  
  163  10:46  Supply Depot x2  
  163  10:50  Supply Depot  
  163  10:51  SCV  
  163  10:53  SCV x2  
  166  11:01  Marauder  
  166  11:03  SCV  
  169  11:05  SCV  
  166  11:38  Concussive Shells  
  138  12:05  Marauder, Marine x4  
  114  12:09  Widow Mine x2  
  114  12:16  Barracks x2  
  114  12:17  Barracks x2  
  114  12:18  Barracks x2  
  114  12:23  Marine x4  
  114  12:24  Command Center  
  114  12:26  Marauder  
  120  12:30  Widow Mine x2  
  123  12:41  Marine x4  
  122  12:47  Marauder  
  120  12:51  Widow Mine  
  109  12:59  Marine x2  
  109  13:05  Marine x2  
  111  13:09  Barracks Reactor x2, Barracks Tech Lab, Marauder  
  111  13:10  Barracks Reactor x2, Barracks Tech Lab  
  113  13:14  Refinery  
  113  13:16  Refinery, Marine  
  113  13:17  Marine  
  115  13:22  Marine, Command Center  
  115  13:23  Marine  
  115  13:24  Command Center  
  117  13:27  Terran Infantry Weapons Level 1  
  117  13:30  Armory, Marauder  
  117  13:31  Engineering Bay  
  119  13:34  Marine  
  114  13:51  Widow Mine x2, Marauder  
  96  14:12  Widow Mine x2  
  96  14:13  Marauder  
  98  14:23  Planetary Fortress  
  98  14:31  Medivac x2  
  102  14:33  Widow Mine x2  
  106  14:53  Factory  
  106  14:54  Factory x2  
  106  14:55  Widow Mine  
  106  14:59  Factory  
  108  15:01  Medivac x2  
  108  15:05  SCV x4  
  116  15:17  SCV x4  
  116  15:18  Marauder  
  116  15:19  Marauder x2, Marine  
  116  15:20  Marine x11  
  138  15:24  Terran Infantry Armor Level 1  
  138  15:26  Terran Infantry Weapons Level 2  
  138  15:29  SCV x4  
  142  15:37  Marine  
  142  15:38  Marine x11  
  142  15:40  Marauder x3  
  142  15:41  SCV x4  
  164  15:44  Terran Vehicle And Ship Armor Level 1  
  164  15:47  Factory Tech Lab x3  
  164  15:49  Factory Tech Lab  
  164  15:53  SCV x2  
  164  15:54  SCV x2  
  164  15:55  Marine  
  169  16:00  Missile Turret  
  169  16:01  Marauder x2  
  169  16:02  Orbital Command, Marauder  
  169  16:03  Planetary Fortress  
  175  16:05  Missile Turret  
  175  16:06  SCV x4  
  175  16:07  Missile Turret x2  
  175  16:08  Missile Turret  
  179  16:18  SCV x4  
  181  16:21  Marine x9  
  181  16:23  Marauder x3  
  181  16:24  Command Center  
  198  16:30  SCV x2  
  200  16:41  Command Center  
  200  16:46  Missile Turret  
  200  17:03  Drilling Claws  
  200  17:05  Smart Servos, Missile Turret  
  200  17:22  Refinery  
  200  17:24  Refinery  
  200  17:28  Missile Turret  
  200  17:35  Terran Infantry Armor Level 2  
  200  17:36  Refinery  
  200  17:38  Armory  
  200  17:39  Refinery  
  200  17:42  Terran Vehicle Weapons Level 1  
  200  17:51  Missile Turret  
  145  18:27  Marauder x3, Marine x3  
  145  18:28  Marine x4  
  145  18:30  Siege Tank x4  
  170  18:48  Marauder x2  
  170  18:49  Marauder  
  170  18:52  Marine  
  170  18:53  Medivac x2  
  177  19:01  Widow Mine  
  177  19:02  Widow Mine, Siege Tank x4  
  197  19:10  Marauder x2  
  197  19:15  Refinery  
  197  19:23  Widow Mine  
  199  19:53  Marine  
Show
View Real Time Build Order
Export as new Build Order

qqq Protoss - Winner!

Build Orders: Cannon Rush, Carriers 

Get SALT Encoding   

  12  0:00  Probe  
  13  0:12  Probe  
  14  0:24  Pylon  
  14  0:27  Probe  
  15  0:42  Probe  
  16  0:44  Forge  
  16  0:58  Pylon  
  16  1:15  Pylon  
  16  1:16  Pylon  
  16  1:23  Photon Cannon  
  15  1:43  Photon Cannon  
  15  1:45  Photon Cannon  
  15  1:47  Pylon  
  15  2:03  Photon Cannon  
  15  2:09  Photon Cannon  
  15  2:17  Pylon  
  15  2:20  Probe  
  16  2:37  Photon Cannon  
  16  2:40  Pylon  
  16  2:54  Photon Cannon  
  16  2:57  Pylon  
  16  3:19  Photon Cannon  
  16  3:33  Photon Cannon  
  16  3:34  Pylon  
  16  3:42  Photon Cannon  
  16  3:44  Photon Cannon  
  16  3:53  Photon Cannon  
  16  4:08  Probe  
  17  4:32  Probe (Chrono Boost)  
  17  4:33  Gateway  
  17  4:35  Nexus  
  18  4:39  Assimilator  
  18  4:45  Probe (Chrono Boost)  
  19  4:51  Probe (Chrono Boost), Pylon  
  19  4:59  Probe, Assimilator  
  20  5:05  Pylon  
  20  5:13  Probe  
  21  5:25  Probe (Chrono Boost)  
  22  5:37  Probe (Chrono Boost), Cybernetics Core  
  23  5:43  Probe (Chrono Boost)  
  23  5:48  Probe (Chrono Boost)  
  25  5:51  Probe (Chrono Boost)  
  26  6:00  Probe (Chrono Boost)  
  26  6:02  Probe (Chrono Boost)  
  28  6:05  Probe (Chrono Boost)  
  28  6:06  Probe (Chrono Boost)  
  30  6:13  Stargate  
  30  6:14  Probe  
  30  6:15  Stargate  
  31  6:20  Assimilator  
  31  6:24  Assimilator  
  31  6:26  Probe  
  31  6:27  Probe  
  33  6:38  Probe  
  33  6:39  Probe  
  35  6:50  Probe  
  35  6:51  Probe  
  37  6:58  Phoenix (Chrono Boost)  
  39  7:01  Phoenix (Chrono Boost)  
  39  7:03  Probe x2  
  43  7:15  Probe, Phoenix (Chrono Boost)  
  44  7:17  Phoenix (Chrono Boost)  
  48  7:27  Probe  
  49  7:38  Phoenix, Fleet Beacon  
  51  8:15  Nexus  
  51  8:16  Phoenix  
  51  8:18  Pylon  
  53  8:22  Pylon  
  53  8:26  Pylon  
  53  8:28  Pylon  
  53  8:30  Pylon  
  53  8:33  Protoss Air Weapons Level 1  
  53  8:37  Carrier  
  57  9:23  Carrier  
  63  9:27  Photon Cannon  
  63  9:31  Photon Cannon  
  63  9:35  Probe, Photon Cannon  
  63  9:36  Pylon  
  64  9:41  Carrier  
  70  9:47  Probe  
  71  9:59  Probe, Robotics Facility  
  72  10:00  Nexus  
  72  10:02  Pylon  
  72  10:05  Pylon  
  72  10:11  Probe  
  73  10:23  Probe  
  73  10:28  Carrier  
  80  10:35  Probe  
  81  10:45  Carrier  
  81  10:47  Probe  
  89  10:57  Observer  
  89  10:59  Probe  
  90  11:11  Assimilator  
  90  11:12  Probe (Chrono Boost)  
  90  11:13  Protoss Air Armor Level 1  
  90  11:14  Probe (Chrono Boost)  
  90  11:15  Assimilator  
  93  11:18  Observer  
  93  11:22  Photon Cannon  
  93  11:24  Probe (Chrono Boost)  
  95  11:26  Photon Cannon  
  95  11:28  Probe (Chrono Boost)  
  95  11:29  Probe (Chrono Boost)  
  95  11:32  Carrier  
  102  11:36  Probe  
  102  11:39  Probe  
  104  11:49  Tempest  
  104  11:51  Probe  
  98  12:36  Carrier x2  
  110  12:37  Probe x2  
  112  12:44  Assimilator  
  112  12:48  Assimilator  
  112  12:49  Probe x2  
  114  13:01  Probe x2  
  110  13:13  Probe x2  
  110  13:14  Stargate  
  110  13:15  Stargate  
  110  13:17  Robotics Bay  
  112  13:20  Pylon  
  112  13:25  Probe  
  113  13:38  Probe  
  113  13:39  Photon Cannon  
  113  13:40  Carrier x2  
  113  13:41  Photon Cannon  
  121  13:42  Photon Cannon  
  121  13:43  Shield Battery  
  121  13:47  Pylon  
  121  13:50  Probe, Pylon  
  121  13:52  Pylon  
  121  13:54  Pylon  
  122  14:02  Probe  
  105  14:13  Colossus  
  105  14:14  Probe  
  112  14:26  Carrier  
  112  14:27  Carrier  
  112  14:28  Probe  
  125  14:37  Photon Cannon  
  125  14:40  Probe, Photon Cannon  
  125  14:45  Carrier x2  
  138  14:47  Shield Battery  
  138  14:49  Photon Cannon  
  138  14:50  Nexus  
  138  14:51  Photon Cannon  
  138  14:52  Probe  
  139  14:53  Pylon x2  
  139  14:56  Pylon  
  139  14:57  Pylon, Robotics Facility  
  139  14:58  Pylon  
  139  15:02  Protoss Shields Level 1 (Chrono Boost)  
  139  15:05  Probe (Chrono Boost)  
  139  15:07  Colossus  
  140  15:11  Mothership (Chrono Boost)  
  154  15:18  Protoss Air Weapons Level 2  
  155  15:22  Probe (Chrono Boost)  
  155  15:26  Shield Battery  
  155  15:27  Shield Battery  
  155  15:31  Carrier, Shield Battery  
  155  15:32  Shield Battery  
  155  15:35  Photon Cannon x2  
  161  15:37  Photon Cannon  
  161  15:38  Photon Cannon  
  161  15:42  Photon Cannon  
  161  15:46  Colossus  
  167  15:51  Probe  
  168  16:00  Colossus  
  168  16:03  Probe  
  175  16:07  Extended Thermal Lance (Chrono Boost)  
  175  16:15  Probe  
  176  16:19  Carrier  
  181  16:40  Colossus  
  181  16:42  Tempest  
  181  16:44  Carrier  
  198  16:50  Photon Cannon  
  198  16:52  Shield Battery  
  198  17:00  Protoss Ground Armor Level 1 (Chrono Boost)  
  198  17:01  Photon Cannon x2  
  198  17:03  Photon Cannon  
  198  17:04  Photon Cannon  
  198  17:06  Photon Cannon  
  198  17:07  Pylon  
  198  17:09  Probe  
  199  17:21  Probe  
  200  17:24  Pylon  
  200  17:26  Pylon  
  200  17:28  Pylon  
  200  17:32  Pylon  
  200  17:42  Protoss Air Armor Level 2  
  200  18:04  Pylon  
  200  18:06  Pylon  
  200  18:07  Pylon  
  200  18:09  Pylon  
  200  18:10  Pylon  
  200  18:13  Photon Cannon  
  200  18:15  Photon Cannon  
  168  18:42  Tempest x2  
  168  18:43  Carrier x2  
  168  18:45  Colossus  
  196  20:00  Observer  
Show
View Real Time Build Order
Export as new Build Order

Maanu Protoss 

Build Orders: Nexus First, Carriers 

Get SALT Encoding   

  12  0:00  Probe (Chrono Boost)  
  13  0:10  Probe (Chrono Boost)  
  14  0:15  Probe (Chrono Boost)  
  15  0:24  Pylon  
  15  0:50  Nexus  
  15  0:54  Probe  
  16  1:05  Gateway  
  16  1:09  Probe (Chrono Boost)  
  17  1:43  Gateway  
  7  2:52  Nexus  
  7  3:15  Probe (Chrono Boost)  
  8  3:31  Probe  
  9  3:40  Pylon  
  9  4:21  Probe (Chrono Boost)  
  10  4:45  Probe (Chrono Boost)  
  11  4:52  Probe (Chrono Boost)  
  13  5:00  Probe (Chrono Boost)  
  13  5:09  Gateway  
  13  5:13  Probe (Chrono Boost)  
  14  5:20  Probe (Chrono Boost)  
  15  5:24  Probe (Chrono Boost)  
  16  5:29  Probe (Chrono Boost)  
  16  5:30  Probe (Chrono Boost)  
  18  5:37  Probe  
  18  5:40  Assimilator  
  18  5:41  Probe  
  20  5:49  Probe  
  21  5:56  Cybernetics Core  
  21  5:59  Assimilator  
  21  6:00  Probe  
  21  6:02  Probe (Chrono Boost)  
  23  6:15  Probe (Chrono Boost)  
  23  6:17  Probe (Chrono Boost), Assimilator  
  25  6:23  Probe (Chrono Boost)  
  26  6:36  Stalker (Chrono Boost)  
  28  6:42  Probe  
  29  6:50  Pylon  
  29  6:52  Robotics Facility  
  29  6:57  Probe  
  30  7:03  Probe, Stalker (Chrono Boost)  
  33  7:09  Probe  
  34  7:15  Probe  
  34  7:21  Probe  
  34  7:22  Assimilator  
  36  7:25  Pylon  
  32  7:33  Probe  
  33  7:39  Observer (Chrono Boost)  
  29  7:47  Forge  
  25  8:14  Probe  
  27  8:30  Probe (Chrono Boost)  
  27  8:32  Probe (Chrono Boost)  
  29  8:42  Probe x2 (Chrono Boost)  
  29  8:46  Pylon  
  27  9:02  Photon Cannon  
  21  9:07  Photon Cannon  
  22  9:17  Probe (Chrono Boost)  
  22  9:21  Warp Gate  
  19  9:37  Pylon  
  19  9:38  Probe (Chrono Boost)  
  18  9:47  Probe (Chrono Boost)  
  18  9:49  Shield Battery  
  19  9:52  Pylon  
  19  9:54  Observer  
  19  9:56  Probe (Chrono Boost)  
  19  9:57  Probe (Chrono Boost)  
  21  10:08  Photon Cannon  
  21  10:15  Probe  
  22  10:23  Photon Cannon  
  23  10:31  Probe (Chrono Boost)  
  23  10:33  Probe (Chrono Boost)  
  24  10:41  Probe (Chrono Boost)  
  26  10:43  Probe (Chrono Boost)  
  28  10:50  Probe (Chrono Boost)  
  28  10:51  Probe (Chrono Boost)  
  28  10:55  Probe (Chrono Boost)  
  28  11:00  Stargate  
  29  11:28  Immortal (Chrono Boost)  
  29  11:32  Probe  
  34  11:34  Stargate  
  33  11:49  Probe  
  34  12:01  Probe  
  32  12:07  Stalker  
  23  12:38  Stalker  
  20  13:01  Probe (Chrono Boost)  
  21  13:11  Probe (Chrono Boost)  
  22  13:14  Nexus  
  22  13:30  Pylon  
  22  13:31  Probe  
  23  13:39  Assimilator  
  23  13:48  Probe  
  24  14:08  Pylon  
  24  14:15  Probe (Chrono Boost)  
  24  14:16  Fleet Beacon  
  26  14:26  Probe (Chrono Boost)  
  26  14:29  Probe (Chrono Boost)  
  27  14:36  Probe (Chrono Boost)  
  29  14:39  Probe (Chrono Boost)  
  29  14:42  Probe (Chrono Boost)  
  30  14:51  Probe  
  31  14:54  Probe  
  31  14:57  Carrier (Chrono Boost)  
  38  15:06  Probe  
  39  15:11  Probe  
  40  15:18  Probe  
  41  15:30  Probe  
  42  15:39  Nexus  
  42  15:41  Assimilator  
  42  15:43  Assimilator  
  42  15:53  Probe  
  43  15:58  Carrier (Chrono Boost)  
  49  16:06  Probe  
  50  16:18  Probe  
  51  16:23  Nexus  
  51  16:35  Pylon x2  
  51  16:37  Probe  
  52  16:42  Assimilator  
  52  16:47  Assimilator  
  52  16:49  Probe  
  52  16:50  Probe  
  54  16:58  Carrier (Chrono Boost)  
  60  17:05  Probe (Chrono Boost)  
  60  17:06  Probe (Chrono Boost)  
  62  17:13  Probe (Chrono Boost)  
  64  17:16  Probe (Chrono Boost)  
  64  17:20  Probe (Chrono Boost)  
  65  17:25  Probe (Chrono Boost)  
  66  17:31  Stargate  
  66  17:36  Probe  
  67  17:37  Probe  
  67  17:39  Probe  
  69  17:46  Protoss Air Weapons Level 1  
  69  17:48  Probe (Chrono Boost)  
  71  17:55  Probe (Chrono Boost)  
  71  17:57  Probe (Chrono Boost), Cybernetics Core  
  74  17:59  Probe (Chrono Boost), Pylon  
  74  18:02  Probe (Chrono Boost)  
  74  18:10  Probe (Chrono Boost)  
  74  18:12  Probe (Chrono Boost)  
  76  18:15  Probe (Chrono Boost)  
  79  18:20  Probe (Chrono Boost)  
  79  18:21  Probe (Chrono Boost)  
  79  18:22  Probe (Chrono Boost)  
  74  18:40  Carrier (Chrono Boost)  
  60  18:48  Probe  
  73  18:50  Probe  
  73  18:52  Carrier (Chrono Boost)  
  74  18:56  Stargate x2  
  74  19:00  Probe, Stalker  
  74  19:02  Probe  
  77  19:12  Probe  
  77  19:25  Stargate  
  77  19:27  Stargate  
  49  19:34  Carrier (Chrono Boost)  
  60  19:55  Tempest (Chrono Boost)  
Show
View Real Time Build Order
Export as new Build Order

Insideme Zerg 

Build Orders: Pool First, Lurkers 

Get SALT Encoding   

  12  0:09  Overlord  
  12  0:12  Drone  
  13  0:16  Drone  
  14  0:29  Drone  
  14  0:32  Drone  
  16  0:42  Spawning Pool  
  15  0:46  Drone  
  15  0:49  Extractor  
  15  0:53  Drone  
  16  1:05  Drone  
  17  1:15  Drone  
  18  1:27  Drone  
  18  1:32  Hatchery  
  18  1:36  Zergling x2  
  19  1:45  Queen  
  19  1:46  Zergling x2  
  22  1:58  Metabolic Boost  
  22  2:13  Extractor, Zergling x2  
  22  2:17  Spine Crawler, Zergling x2  
  21  2:44  Zergling x4  
  21  2:45  Zergling x4  
  23  2:55  Zergling x2  
  23  2:57  Zergling x2  
  25  3:01  Zergling x2  
  25  3:02  Zergling x4  
  27  3:14  Zergling x2  
  28  3:20  Overlord  
  28  3:31  Overlord x2  
  23  3:50  Zergling x2  
  23  3:51  Zergling x6  
  24  3:59  Zergling x2  
  24  4:02  Zergling x4  
  26  4:13  Zergling x6  
  26  4:14  Zergling x2  
  30  4:30  Zergling x6  
  33  4:41  Zergling x2  
  30  4:48  Zergling x4  
  32  4:53  Drone  
  33  5:03  Drone x2  
  35  5:09  Lair  
  35  5:10  Drone  
  36  5:14  Drone  
  36  5:17  Drone  
  38  5:24  Drone  
  38  5:29  Drone  
  38  5:33  Drone  
  38  5:34  Drone x2  
  43  5:35  Drone  
  43  5:39  Drone  
  44  5:46  Drone, Queen  
  44  5:49  Drone  
  48  5:50  Extractor  
  48  5:51  Extractor  
  48  5:56  Drone  
  47  5:59  Drone  
  49  6:04  Drone x3  
  51  6:12  Drone  
  51  6:13  Hydralisk Den  
  51  6:14  Drone, Evolution Chamber  
  51  6:18  Evolution Chamber  
  48  6:33  Overseer  
  48  6:34  Spore Crawler  
  47  6:41  Hydralisk x2  
  47  6:44  Zerg Missile Weapons Level 1  
  47  6:45  Zerg Ground Armor Level 1  
  47  6:47  Drone, Grooved Spines  
  52  6:57  Overlord  
  52  6:58  Overlord  
  52  7:09  Overlord  
  52  7:10  Overlord x2  
  52  7:11  Overlord  
  52  7:15  Hydralisk  
  52  7:17  Lurker Den  
  52  7:19  Drone x2  
  55  7:25  Hydralisk  
  55  7:29  Hydralisk  
  59  7:36  Hydralisk  
  56  7:42  Spore Crawler x2  
  54  7:49  Hydralisk  
  54  7:51  Hydralisk  
  56  7:54  Drone  
  56  7:58  Muscular Augments  
  59  8:03  Hydralisk x4  
  59  8:04  Hydralisk x2  
  71  8:07  Drone  
  71  8:17  Drone x2  
  73  8:25  Drone x3  
  77  8:29  Drone  
  77  8:32  Drone  
  78  8:38  Hydralisk x2  
  82  8:45  Spore Crawler  
  82  8:46  Drone  
  78  8:49  Hydralisk  
  78  8:53  Hydralisk x2  
  78  8:54  Hydralisk  
  84  9:01  Hydralisk  
  84  9:02  Spore Crawler  
  82  9:07  Drone  
  82  9:08  Drone  
  84  9:11  Hydralisk  
  86  9:24  Zerg Missile Weapons Level 2  
  86  9:26  Zerg Ground Armor Level 2  
  86  9:29  Overlord  
  86  9:40  Overlord x2  
  86  9:45  Overlord x2  
  86  9:49  Overlord  
  86  9:52  Overlord  
  86  9:57  Overlord  
  86  10:10  Hatchery  
  86  10:14  Hydralisk  
  87  10:23  Drone, Infestation Pit  
  87  10:24  Drone x2  
  87  10:26  Drone  
  90  10:29  Drone  
  90  10:33  Overseer  
  91  10:38  Drone x3  
  94  10:43  Drone  
  94  10:44  Hydralisk  
  97  10:51  Hydralisk  
  97  10:52  Hydralisk  
  97  10:56  Lurker x2  
  103  11:00  Drone  
  104  11:06  Hive  
  104  11:08  Drone  
  105  11:12  Drone x2  
  107  11:25  Hydralisk x3  
  113  11:39  Hydralisk x2  
  111  11:40  Hydralisk x3  
  111  11:46  Hydralisk  
  121  11:47  Hydralisk x2  
  121  12:03  Hydralisk  
  121  12:04  Hydralisk x4  
  123  12:16  Hydralisk x4  
  121  12:31  Hydralisk  
  121  12:32  Hydralisk x3  
  123  12:37  Hydralisk x2  
  123  12:43  Hydralisk  
  127  12:53  Hydralisk x3  
  127  13:03  Overseer  
  127  13:04  Lurker  
  127  13:05  Lurker x6  
  130  13:06  Drone x4  
  130  13:10  Extractor  
  130  13:11  Hydralisk  
  135  13:13  Extractor  
  135  13:18  Hydralisk x2  
  138  13:26  Overlord x2  
  74  14:05  Hydralisk  
  74  14:06  Hydralisk x8  
  74  14:17  Drone  
  74  14:23  Hydralisk x2  
  79  14:29  Drone x3, Spire  
  78  14:36  Lurker  
  78  14:37  Lurker  
  80  14:39  Drone x3  
  83  14:49  Zerg Missile Weapons Level 3  
  83  14:52  Hydralisk  
  85  15:04  Overlord x2  
  85  15:05  Overlord  
  85  15:06  Overseer  
  85  15:08  Overlord  
  85  15:09  Overseer  
  85  15:11  Hatchery  
  84  15:17  Zerg Ground Armor Level 3  
  84  15:18  Drone x3  
  84  15:20  Hydralisk  
  89  15:26  Hydralisk x3  
  89  15:27  Hydralisk  
  97  15:32  Seismic Spines  
  97  15:39  Drone, Hydralisk, Overlord  
  97  15:40  Drone  
  101  15:43  Corruptor  
  103  15:52  Extractor, Hydralisk  
  103  15:56  Hydralisk x3  
  108  15:57  Extractor  
  108  16:00  Lurker  
  110  16:05  Overlord x2  
  110  16:06  Corruptor  
  110  16:08  Drone  
  110  16:09  Drone x2  
  115  16:18  Corruptor x2  
  119  16:27  Corruptor  
  119  16:29  Drone, Adaptive Talons  
  122  16:35  Corruptor  
  122  16:37  Hydralisk x2  
  128  16:43  Drone, Corruptor  
  128  16:44  Hydralisk  
  133  16:47  Corruptor  
  133  16:48  Drone, Lurker, Corruptor  
  133  16:54  Zerg Flyer Weapons Level 1  
  139  17:00  Lurker  
  140  17:03  Corruptor  
  142  17:11  Overlord  
  142  17:12  Zergling x2, Overlord  
  142  17:13  Zergling x12  
  149  17:21  Hydralisk  
  149  17:22  Hydralisk x2  
  153  17:23  Hydralisk  
  153  17:25  Pneumatized Carapace  
  153  17:26  Overseer  
  157  17:35  Hydralisk x2  
  157  17:36  Hydralisk  
  163  17:40  Overseer  
  163  17:45  Hydralisk x2  
  163  17:49  Hatchery, Hydralisk  
  168  17:51  Hydralisk  
  168  17:58  Drone, Corruptor  
  170  18:01  Corruptor  
  175  18:06  Overlord x2  
  175  18:07  Drone  
  175  18:10  Drone x2  
  158  18:21  Hydralisk  
  158  18:22  Hydralisk x3, Infestor  
  158  18:24  Hydralisk  
  158  18:27  Hydralisk  
  146  18:29  Hydralisk  
  111  18:34  Hydralisk  
  111  18:38  Hydralisk  
  89  18:50  Drone, Corruptor  
  89  18:53  Drone  
  89  18:55  Drone  
  93  18:59  Lurker  
  93  19:00  Lurker x3  
  93  19:01  Corruptor  
  96  19:04  Drone  
  96  19:09  Corruptor  
  96  19:13  Drone  
  98  19:20  Corruptor  
  98  19:25  Drone  
  98  19:28  Corruptor  
  101  19:36  Corruptor  
  96  19:43  Drone, Corruptor  
  98  19:47  Drone  
  98  19:53  Corruptor  
  98  19:57  Drone  
  97  20:06  Drone, Corruptor  
  91  20:13  Lurker x2  
  92  20:14  Drone  
Tags
 
Add a new tag
Caveats
  • Supply blocks, unpowered buildings, or Contaminate may cause inaccurate times.
  • Supply counts are checked every 10 seconds.